 Dungeon Crawl Stone Soup version 0.31-a0-521-gc7390f8997 (webtiles) character file.

Game seed: 17591665169342595309

9254 MisterAzrael the Spear-Bearer (level 11, -1/87 HPs)
             Began as a Hill Orc Fighter on Aug 10, 2023.
             Was a Believer of Hepliaklqana.
             Slain by a five-headed hydra (5 damage)
             ... on level 10 of the Dungeon.
             The game lasted 00:15:31 (10486 turns).

MisterAzrael the Spear-Bearer (Hill Orc Fighter)   Turns: 10486, Time: 00:15:32

Health: -1/87      AC:  9    Str: 24    XL:     11   Next: 43%
Magic:  11/11      EV: 15    Int:  8    God:    Hepliaklqana [**....]
Gold:   452        SH: 12    Dex: 16    Spells: 10/10 levels left

rFire   . . .        d - +3 spear (heavy)
rCold   . . .        D - +1 kite shield
rNeg    . . .        K - +0 acid dragon scales
rPois   .            m - +1 hat
rElec   .            (no cloak)
rCorr   +            (no gloves)
SInv    .            (no boots)
Will    .....        (no amulet)
Stlth   +            w - +6 ring of dexterity
HPRegen 0.34/turn    A - +5 ring of evasion
MPRegen 0.12/turn

%: clarity
@: no status effects
A: reduced essence, clarity, no potion heal 1, MP-powered wands
a: Renounce Religion, Recall Ancestor, Ancestor Identity


You were on level 10 of the Dungeon.
You worshipped Hepliaklqana.
Hepliaklqana was pleased with you.
You visited 3 branches of the dungeon, and saw 12 of its levels.

You collected 452 gold pieces.

Inventory:

Hand Weapons
 a - a +0 war axe
 d - a +3 heavy spear (weapon)
 C - a +1 trident
Missiles
 g - a throwing net
 r - 3 atropa-tipped darts
 t - 2 boomerangs (quivered)
 z - 6 datura-tipped darts
Armour
 b - a +0 scale mail
 c - a +0 buckler
 m - a +1 hat (worn)
 D - a +1 kite shield (worn)
 K - +0 acid dragon scales (worn)
Magical Staves
 s - a staff of poison
Jewellery
 j - a ring of ice
 o - a ring of resist corrosion
 p - a ring of ice
 w - a +6 ring of dexterity (left hand)
 x - an amulet of magic regeneration
 A - a +5 ring of evasion (right hand)
 E - a ring of positive energy
 M - a +6 ring of dexterity
Wands
 k - a wand of flame (27)
 F - a wand of mindburst (3)
 H - a wand of roots (5)
Scrolls
 e - a scroll of enchant weapon
 f - 3 scrolls of immolation
 h - 4 scrolls of teleportation
 i - 2 scrolls of fear
 q - 3 scrolls of identify
 y - 2 scrolls of amnesia
 G - 4 scrolls of blinking
 N - a scroll of revelation {unknown}
Potions
 l - a potion of resistance {unknown}
 n - a potion of curing
 u - 2 potions of enlightenment {unknown}
 v - 3 potions of heal wounds
 B - 2 potions of degeneration
 I - a potion of brilliance {unknown}
 J - a potion of ambrosia {unknown}
 L - a potion of haste {unknown}


   Skills:
 + Level 9.5 Fighting
 - Level 3.4(9.1) Axes
 * Level 11.1(11.2) Polearms
 + Level 6.1 Throwing
 + Level 8.6 Armour
 + Level 8.5 Shields


You had 10 spell levels left.
You didn't know any spells.
Your spell library contained the following spells:

 Spells                   Type           Power      Damage    Failure   Level
 Sting                    Tmut/Pois      0%         1d3       67%         1
 Poisonous Vapours        Pois/Air       0%         N/A       82%         2
 Tukima's Dance           Hex            0%         N/A       96%         3
 Volatile Blastmotes      Fire/Tloc      0%         2d10      96%         3
 Fulminant Prism          Conj/Hex       0%         3d5       100%        4
 Iskenderun's Mystic Bla  Conj/Tloc      0%         2d3       100%        4
 Olgreb's Toxic Radiance  Pois           0%         N/A       100%        4
 Passage of Golubria      Tloc           0%         N/A       100%        4
 Yara's Violent Unravell  Hex/Tmut       0%         3d3       100%        5


Dungeon Overview and Level Annotations

Branches:
Dungeon (10/15)            Temple (1/1) D:5            Lair (1/5) D:10
    Orc: D:9-12

Altars:
Ashenzari
Cheibriados
Dithmenos
Elyvilon
Fedhas
Gozag
Hepliaklqana
Kikubaaqudgha
Makhleb
Nemelex Xobeh
Okawaru
Qazlal
Ru
Sif Muna
Trog
Uskayaw
Vehumet
Wu Jian
Xom
Yredelemnul
Zin
The Shining One

Annotations:
D:3 3 runed translucent doors, Irreverend's ghost, amateur DrSh
D:6 2 transporters
D:7 2 transporters, Jeremiah; randomguy2701's ghost, novice DENe


Innate Abilities, Weirdness & Mutations

Your life essence is reduced to manifest your ancestor. (-10% HP)
You possess an exceptional clarity of mind.
Potions are less effective at restoring your health.
You expend magic power (3 MP) to strengthen your wands.


Message History

The five-headed hydra bites you.
The five-headed hydra barely misses you.
The five-headed hydra bites you but does no damage.
You block the five-headed hydra's attack.
Star Platinum hits the five-headed hydra with a +0 flail!
You hit the five-headed hydra.
The five-headed hydra is heavily wounded.
The five-headed hydra barely misses you.
The five-headed hydra misses you. The five-headed hydra bites you.
The five-headed hydra bites you but does no damage.
You block the five-headed hydra's attack.
You puncture the five-headed hydra!
The five-headed hydra is severely wounded.
Star Platinum hits the five-headed hydra with a +0 flail!
The five-headed hydra bites you. x2
* * * LOW HITPOINT WARNING * * *
You block the five-headed hydra's attack. x2
The five-headed hydra bites you!
* * * LOW HITPOINT WARNING * * *
You puncture the five-headed hydra!
The five-headed hydra is almost dead.
Your system partially rejects the healing.
You feel much better.
The five-headed hydra barely misses you.
The five-headed hydra closely misses you.
You block the five-headed hydra's attack.
The five-headed hydra bites you.
* * * LOW HITPOINT WARNING * * *
The five-headed hydra bites you.
* * * LOW HITPOINT WARNING * * *
Star Platinum barely misses the five-headed hydra.
You barely miss the five-headed hydra.
The five-headed hydra is almost dead.
You block the five-headed hydra's attack.
The five-headed hydra bites you!
* * * LOW HITPOINT WARNING * * *
The five-headed hydra bites you!
* * * LOW HITPOINT WARNING * * *
The five-headed hydra bites you.
You die...

#..............#......#.....
#.....................######
#...............##.R..###...
#...............####..#...##
#................#.......###
##............#....##......#
##...........#.#...........
#######.....#.....###.....
#..D@..#...#####.....
#..R####)#.....#....#
#...#_'..#####.#R...#
#...####.# #......#
#......### ###....# ##.....#
######..... ########.....#
#.......... #.....####...#
#.......... #......#######
#.....#.#..


You could see the friendly Star Platinum the knight and a five-headed hydra
(ally target).

Vanquished Creatures
  Pikel (D:5)
  A hornet (D:10)
  A shadow (D:8)
  Sigmund (D:2)
  Eustachio (D:4)
  18 yaks
  2 steam dragons (D:8)
  Menkaure (D:7)
  Edmund (D:6)
  2 water moccasins
  2 orc warriors
  A black bear (D:4)
  An ice beast (D:6)
  2 sky beasts
  3 centaurs
  3 phantoms (D:6)
  6 bullfrogs
  A gnoll sergeant (D:7)
  2 scorpions
  7 killer bees (D:10)
  A howler monkey (D:9)
  A gnoll bouda (D:8)
  6 orc priests
  4 hounds
  5 jellies
  4 sleepcaps
  5 iguanas
  Natasha (thrice) (D:2)
  5 orc wizards
  Robin (D:2)
  15 gnolls
  9 adders
  A shadow imp (D:7)
  A white imp (D:6)
  3 ufetubi
  A worm (D:2)
  A dart slug (D:3)
  17 orcs
  11 ball pythons
  A bat (D:2)
  4 endoplasms
  3 giant cockroaches
  16 goblins
  17 hobgoblins
  3 jackals (D:3)
  3 quokkas
  2 frilled lizards
  3 kobolds
  2 rats
205 creatures vanquished.

Vanquished Creatures (collateral kills)
  A two-headed ogre (D:9)
  A gargoyle (D:10)
  A shadow (D:9)
  A yak (D:10)
  A steam dragon (D:9)
  An acid dragon (D:10)
  An orc warrior (D:8)
  2 killer bees (D:10)
  A jelly (D:8)
  5 orc wizards
  2 orcs (D:10)
  A butterfly (D:9)
18 creatures vanquished.

Vanquished Creatures (others)
  2 ancestors
  2 knights (D:10)
4 creatures vanquished.

Grand Total: 227 creatures vanquished

Notes
Turn   | Place    | Note
-------+----------+-------------------------------------------
     0 | D:1      | MisterAzrael the Hill Orc Fighter began the quest for the
                  | Orb.
     0 | D:1      | Reached XP level 1. HP: 19/19 MP: 1/1
    97 | D:1      | Reached XP level 2. HP: 27/27 MP: 2/2
   128 | D:1      | Found a faded altar of an unknown god.
   288 | D:2      | Noticed Robin
   296 | D:2      | Reached XP level 3. HP: 14/33 MP: 3/3
   301 | D:2      | Killed Robin
   564 | D:2      | Noticed Natasha
   566 | D:2      | Killed Natasha
   567 | D:2      | Reached skill level 1 in Polearms
   567 | D:2      | Reached XP level 4. HP: 40/40 MP: 4/4
   708 | D:2      | Noticed Sigmund
   713 | D:2      | Killed Sigmund
   714 | D:2      | Reached skill level 2 in Polearms
   714 | D:2      | Reached XP level 5. HP: 43/47 MP: 5/5
   787 | D:2      | Noticed Natasha
   800 | D:2      | Killed Natasha
   801 | D:2      | Reached skill level 3 in Polearms
   801 | D:2      | Reached XP level 6. HP: 11/55 MP: 6/6
   897 | D:2      | Noticed Natasha
   911 | D:2      | Killed Natasha
  1151 | D:2      | Reached skill level 5 in Fighting
  1951 | D:3      | Found a runed translucent gate.
  1952 | D:3      | Found a runed translucent gate.
  1952 | D:3      | Found a runed translucent gate.
  1953 | D:3      | Noticed Irreverend's ghost (amateur DrSh)
  2270 | D:4      | Noticed a black bear
  2276 | D:4      | Killed a black bear
  2277 | D:4      | Reached skill level 4 in Polearms
  2277 | D:4      | Reached XP level 7. HP: 56/61 MP: 7/7
  2307 | D:4      | Reached skill level 1 in Throwing
  2685 | D:4      | Noticed Eustachio
  2714 | D:4      | Reached skill level 5 in Armour
  2973 | D:4      | Killed Eustachio
  2974 | D:4      | Reached skill level 5 in Shields
  3499 | D:4      | Reached skill level 5 in Polearms
  3586 | D:5      | Entered Level 5 of the Dungeon
  3615 | D:5      | Reached XP level 8. HP: 70/70 MP: 8/8
  3827 | D:5      | Found a staircase to the Ecumenical Temple.
  4023 | D:6      | Noticed Edmund
  4034 | D:6      | Killed Edmund
  4035 | D:6      | Reached skill level 6 in Polearms
  4629 | Temple   | Entered the Ecumenical Temple
  4746 | D:6      | Found a transporter.
  4762 | D:6      | Found a transporter.
  4783 | D:6      | Reached XP level 9. HP: 71/78 MP: 9/9
  4800 | D:6      | Reached skill level 7 in Polearms
  5232 | D:5      | Noticed Pikel
  5259 | D:5      | Killed Pikel
  5677 | D:5      | Found a hazy altar of Hepliaklqana.
  5820 | D:5      | Became a worshipper of Hepliaklqana the Forgotten
  6224 | D:7      | Reached skill level 8 in Polearms
  6273 | D:7      | Noticed a moth of wrath
  6273 | D:7      | Noticed a catoblepas
  6281 | D:7      | Found a transporter.
  6285 | D:7      | Noticed randomguy2701's ghost (novice DENe)
  6301 | D:7      | Found a transporter.
  6492 | D:7      | Noticed Jeremiah
  6925 | D:7      | Gained mutation: Potions are less effective at restoring
                  | your health. [potion of mutation]
  6925 | D:7      | Gained mutation: You expend magic power (3 MP) to
                  | strengthen your wands. [potion of mutation]
  6925 | D:7      | Gained mutation: You possess an exceptional clarity of
                  | mind. [potion of mutation]
  6946 | D:7      | Noticed Menkaure
  6956 | D:7      | Killed Menkaure
  7373 | D:8      | Reached XP level 10. HP: 88/88 MP: 10/10
  7389 | D:8      | Reached * piety under Hepliaklqana
  7436 | D:8      | Found a shadowy altar of Dithmenos.
  7817 | D:8      | Reached skill level 9 in Polearms
  8383 | D:9      | Found a sacrificial altar of Ru.
  8714 | D:9      | Reached skill level 5 in Throwing
  8826 | D:9      | Found a shimmering altar of Xom.
  8873 | D:9      | Reached ** piety under Hepliaklqana
  8874 | D:9      | Remembered your ancestor Star Platinum as a knight
  9053 | D:9      | Noticed a two-headed ogre
  9061 | D:9      | Killed a two-headed ogre
  9062 | D:9      | Reached skill level 10 in Polearms
  9236 | D:10     | Entered Level 10 of the Dungeon
  9237 | D:10     | Found a staircase to the Lair.
  9258 | Lair:1   | Entered Level 1 of the Lair of Beasts
  9305 | D:10     | Reached XP level 11. HP: 79/87 MP: 11/11
  9894 | D:10     | Found a shimmering blue altar of Sif Muna.
  9991 | D:10     | Found an opulent altar of Gozag.
 10087 | D:10     | Reached skill level 11 in Polearms
 10435 | D:10     | Found a broken altar of Ashenzari.
 10473 | D:10     | Noticed a five-headed hydra
 10486 | D:10     | HP: 4/87 [five-headed hydra (8)]
 10486 | D:10     | Slain by a five-headed hydra

Illustrated notes

Levels and vault maps discovered:
D:1:      scummos_arrival_simple_fountains, layout_loops_ring,
          hellmonk_ecumenical_altar_prayer_group, serial_forest,
          infiniplex_forest_clump_tiny, infiniplex_forest_zigzag_2,
          infiniplex_forest_clump_long, infiniplex_forest_clump_small,
          infiniplex_forest_lined_3_way, infiniplex_forest_lined_3,
          infiniplex_forest_join
D:2:      layout_basic, kennysheep_generic_room_14, uniq_natasha, uniq_robin,
          uniq_sigmund
D:3:      layout_basic, serial_glass, glass_columns_a, glass_columns_c,
          ebering_ghost_rock_garden
D:4:      layout_cave_pods, st_stairs_4, minmay_misc_feat_iff, uniq_eustachio
D:5:      layout_loops_ring, lemuel_crystal_altar,
          minmay_temple_entry_from_below_a, serial_rivers,
          chequers_serial_rivers_micro_e, chequers_serial_rivers_micro_c,
          chequers_serial_rivers_marsh, chequers_serial_rivers_micro_e,
          chequers_serial_rivers_room_a, chequers_serial_rivers_small_a,
          kennysheep_opposing_triangles, uniq_pikel
D:6:      gammafunk_steamed_eel, layout_basic, grunt_ministairs_2, uniq_edmund
D:7:      layout_cave_pools, gammafunk_ghost_berserking_beasts, uniq_maggie,
          uniq_menkaure, uniq_jeremiah
D:8:      layout_gridville, grunt_dithmenos_smoke
D:9:      layout_stronghold, mainiacjoe_overflow_small_starburst,
          xom_butterflies, nrook_pool_corridor, minmay_misc_feat_enclosed,
          dk_vineyard_3, kennysheep_dice
D:10:     layout_rooms, ashenzari_conservatory_becter,
          kennysheep_orc_sif_temple,
          nicolae_gozag_cash_rules_everything_around_me, lair_entry_dummy
Temple:   nicolae_temple_superstar
Lair:1:   layout_cave_pods

Skill      XL: |  1  2  3  4  5  6  7  8  9 10 11 |
---------------+----------------------------------+-----
Axes           | 3 |  3.4
Fighting       | 4 5 6 7 9 |  9.5
Polearms       | 1 2 3 4 5 6 8 10 11 | 11.1
Armour         | 4 5 6 7 8 |  8.6
Shields        | 4 5 6 7 8 |  8.5
Throwing       | 2 3 4 5 6 |  6.1

Action                     |  1- 3 |  4- 6 |  7- 9 | 10-12 || total
---------------------------+-------+-------+-------+-------++-------
  Melee: War axe           |    39 |       |       |       ||    39
         Spear             |     3 |   127 |   350 |   230 ||   710
  Throw: Boomerang         |       |       |     6 |       ||     6
 Invoke: Ancestor Life: Kn |       |       |       |     1 ||     1
         Ancestor Identity |       |       |       |     1 ||     1
    Use: Potion            |     1 |       |     4 |     2 ||     7
         Scroll            |       |       |    12 |     1 ||    13
   Stab: Distracted        |       |       |     1 |     1 ||     2
 Armour: Scale mail        |    20 |    57 |   160 |    26 ||   263
         Acid dragon scale |       |       |       |    14 ||    14
  Dodge: Dodged            |    32 |    75 |   181 |    84 ||   372
  Block: Buckler           |    15 |    29 |    87 |       ||   131
         Kite shield       |       |       |    21 |   124 ||   145

Table legend: (Time is in decaauts)
 A = Elapsed time spent in this place.
 B = Non-inter-level travel time spent in this place.
 C = Inter-level travel time spent in this place.
 D = Time resting spent in this place.
 E = Time spent auto-exploring this place.
 F = Levels seen in this place.
 G = Mean time per level.
                   A        B        C        D        E       F      G
               +--------+--------+--------+--------+--------+-----+--------+
         Total |  10638 |  10261 |    377 |   2544 |   5802 |  12 |  886.5 |
       Dungeon |  10582 |  10205 |    377 |   2521 |   5788 |  10 | 1058.2 |
        Temple |     19 |     19 |      0 |      0 |     14 |   1 |   19.0 |
          Lair |     36 |     36 |      0 |     23 |      0 |   1 |   36.0 |
               +--------+--------+--------+--------+--------+-----+--------+

Top non-repeatable levels by time:
     D:4: 1551 daAuts
     D:5: 1483 daAuts
    D:10: 1212 daAuts
     D:7: 1129 daAuts
     D:6: 1124 daAuts
     D:2: 1079 daAuts
     D:8: 1074 daAuts
     D:9: 870 daAuts
     D:3: 804 daAuts
     D:1: 251 daAuts
  Lair:1: 36 daAuts
  Temple: 19 daAuts
